 Dungeon Crawl Stone Soup version 0.23.0 (webtiles) character file.

Game seed: 7968562485687570463

155 Raclure the Sneak (level 5, 0/26 HPs)
             Began as a Spriggan Assassin on Feb 15, 2019.
             Slain by Defined's ghost (8 damage)
             ... on level 3 of the Dungeon.
             The game lasted 00:23:07 (4753 turns).

Raclure the Sneak (Spriggan Assassin)               Turns: 4753, Time: 00:23:08

Health: 0/26       AC:  3    Str:  7    XL:     5   Next: 14%
Magic:  6/6        EV: 18    Int: 13    God:
Gold:   67         SH:  0    Dex: 18    Spells: 3/4 levels left

rFire    . . .     SeeInvis +   a - +2 dagger
rCold    . . .     Gourm    .   (shield restricted)
rNeg     . . .     Faith    .   c - +0 robe
rPois    .         Spirit   .   (helmet restricted)
rElec    .         Reflect  .   d - +0 cloak
rCorr    .         Harm     .   (gloves unavailable)
MR       .....                  (boots unavailable)
Stlth    ++++......             s - amulet of regeneration
HPRegen  0.48/turn              p - ring of wizardry
MPRegen  0.10/turn              (no ring)

@: very quick
A: very small, unfitting armour, see invisible, herbivore, speed 3, slow
metabolism 2
a: no special abilities


You were on level 3 of the Dungeon.
You were not hungry.

You visited 1 branch of the dungeon, and saw 3 of its levels.

You collected 67 gold pieces.

Inventory:

Hand Weapons
 a - a +2 dagger (weapon)
 b - a +0 blowgun
 h - a +2 hand axe of electrocution
Missiles
 e - 3 poisoned needles (quivered)
 f - 60 stones
 i - 3 tomahawks
 j - 25 arrows
 k - 43 bolts
 o - 14 sling bullets
 t - 6 javelins
Armour
 c - a +0 robe (worn)
 d - a +0 cloak (worn)
Jewellery
 p - a ring of wizardry (left hand)
 s - an amulet of regeneration (around neck)
Wands
 q - a wand of flame (9)
Scrolls
 n - a scroll of remove curse
Potions
 l - a potion of flight
 m - a potion of agility {unknown}
 r - a potion of curing
Comestibles
 g - 6 rations


   Skills:
 + Level 2.2 Fighting
 + Level 2.7 Short Blades
 + Level 3.7 Throwing
 + Level 3.1 Dodging
 + Level 6.7 Stealth


You had 3 spell levels left.
You knew the following spells:

 Your Spells              Type           Power        Failure   Level  Hunger
a - Magic Dart            Conj           #...         12%         1    ##.....

Your spell library contained the following spells:

 Spells                   Type           Power        Failure   Level  Hunger
 Blink                    Tloc           N/A          19%         2    ###....
 Call Imp                 Summ           #.......     19%         2    ###....
 Slow                     Hex            #.......     19%         2    ###....
 Conjure Flame            Conj/Fire      #.......     34%         3    ####...
 Mephitic Cloud           Conj/Pois/Air  #.......     34%         3    ####...


Dungeon Overview and Level Annotations

Branches:
Dungeon (3/15)

Altars:
Kikubaaqudgha
Qazlal
Sif Muna
Uskayaw

Annotations:
D:3 Defined's ghost, amateur GnCj


Innate Abilities, Weirdness & Mutations

You are very small and have problems with some larger weapons.
You are too small for most types of armour.
You have supernaturally acute eyesight. (SInv)
You are a herbivore.
You cover ground extremely quickly.
You need to consume almost no food.


Message History

The adder zombie closely misses you.
You see here a poisoned needle.
You hit the adder zombie.
The adder zombie is lightly damaged.
The adder zombie closely misses you.
You hit the adder zombie.
The adder zombie is heavily damaged.
The adder zombie completely misses you.
You hit the adder zombie.
The adder zombie is severely damaged.
Defined's ghost hits you!
* * * LOW HITPOINT WARNING * * *
The adder zombie barely misses you.
You completely miss the adder zombie.
The adder zombie is severely damaged.
Defined's ghost misses you. The adder zombie misses you.
You hit the adder zombie.
The adder zombie is severely damaged.
The rat bites you but does no damage. Defined's ghost hits you!
You die...

####### ....... ...(...
....... .......##
......r.# .....##@## .
######## ... ##WZ.## ...
..†....+ ...##.....##....
######## ...#.......#....
#....._....%..>
#############.......#....
............##.....##....
###############..(## ...
#...Z..Z...# ##.## ..


You could see Defined's ghost, an adder zombie and a rat.

Vanquished Creatures
  A bullfrog zombie (D:3)
  5 adders
  An ooze (D:2)
  3 worms (D:2)
  3 dart slugs (D:1)
  2 leopard geckos (D:1)
  An orc (D:3)
  A ball python (D:2)
  7 giant cockroaches
  4 goblins (D:1)
  5 hobgoblins
  2 jackals (D:3)
  4 kobolds
  A quokka (D:2)
  5 bats
  5 frilled lizards
  A leopard gecko zombie (D:3)
  8 rats
  A fungus (D:1)
60 creatures vanquished.

Notes
Turn   | Place    | Note
-------+----------+-------------------------------------------
     0 | D:1      | Raclure the Spriggan Assassin began the quest for the Orb.
     0 | D:1      | Reached XP level 1. HP: 10/10 MP: 2/2
     6 | D:1      | Reached skill level 6 in Stealth
   457 | D:1      | Reached XP level 2. HP: 14/14 MP: 3/3
  1198 | D:1      | Reached XP level 3. HP: 13/18 MP: 4/4
  2618 | D:2      | Found a deep blue altar of Sif Muna.
  3148 | D:2      | Reached XP level 4. HP: 22/23 MP: 5/5
  3579 | D:2      | Learned a level 1 spell: Magic Dart
  4142 | D:3      | Found an ancient bone altar of Kikubaaqudgha.
  4142 | D:3      | Found a hide-covered altar of Uskayaw.
  4659 | D:3      | Found a runed translucent gate.
  4660 | D:3      | Found a runed translucent gate.
  4660 | D:3      | Found a runed translucent gate.
  4674 | D:3      | Noticed Defined's ghost (amateur GnCj)
  4708 | D:3      | Found a stormy altar of Qazlal.
  4747 | D:3      | Reached XP level 5. HP: 16/26 MP: 6/6
  4753 | D:3      | Slain by Defined's ghost

Skill      XL: |  1  2  3  4 |
---------------+-------------+-----
Stealth        | 6 |  6.7
Dodging        | 2 3 |  3.1
Fighting       | 2 |  2.2
Throwing       | 3 |  3.7
Short Blades   | |  2.7

Action                   |  1- 3 |  4- 6 || total
-------------------------+-------+-------++-------
Melee: Dagger            |   116 |   117 ||   233
 Fire: Blowgun           |    18 |       ||    18
Throw: Stone             |   168 |    46 ||   214
  Use: Scroll            |     3 |     4 ||     7
       Potion            |     3 |     1 ||     4
  Eat: Ration            |       |     1 ||     1
Armor: Robe              |    23 |    28 ||    51
Dodge: Dodged            |   143 |   142 ||   285
